[Event "Titled Tuesday Blitz August 1 Early 2023"]
[White "D`Arruda, Ricardo D."]
[Black "Mikhalsky, Vladimir"]
[WhiteFideId "100692"]
[BlackFideId "14144352"]
[WhiteElo "2471"]
[BlackElo "2389"]
[Result "0-1"]
[Round "10"]
[TimeControl "180+1"]
[Date "2023.08.01"]
[WhiteClock "0:00:48"]
[BlackClock "0:01:03"]
[Board "113"]

1. Nf3 c5 2. d4 cxd4 3. Nxd4 d5 4. g3 e5 5. Nf3 Nc6 6. Bg2 f6 7. O-O Be6 8. c4 dxc4 9. Qa4 Qa5 10. Nc3 Qxa4 11. Nxa4 Rc8 12. Be3 b5 13. Nc5 Bxc5 14. Bxc5 Nge7 15. a4 b4 16. Rfd1 Kf7 17. Rd6 Rhd8 18. Rad1 Rxd6 19. Rxd6 Rd8 20. Rxd8 Nxd8 21. Bxb4 Ndc6 22. Bc3 Nd5 23. Nd2 Nxc3 24. bxc3 Na5 25. Kf1 f5 26. Ke1 Ke7 27. Nf3 Kd6 28. Ng5 Bg8 29. Bh3 g6 30. Kd2 e4 31. f3 h6 32. Nxe4+ fxe4 33. fxe4 Ke5 34. Ke3 g5 35. Bd7 Nb3 36. Bb5 Nc5 37. a5 Nxe4 0-1


[Site "https://www.chess.com"]

[Event "Titled Tuesday Blitz August 1 Early 2023"]
[White "Kuznetsov, Mikhail"]
[Black "Ventura Bolet, Maxim"]
[WhiteFideId "4117190"]
[BlackFideId "22238824"]
[WhiteElo "2465"]
[BlackElo "2389"]
[Result "1-0"]
[Round "10"]
[TimeControl "180+1"]
[Date "2023.08.01"]
[WhiteClock "0:00:03"]
[BlackClock "0:00:01"]
[Board "114"]

1. Nf3 Nf6 2. g3 b6 3. Bg2 Bb7 4. O-O c5 5. c4 e6 6. Nc3 a6 7. b3 d6 8. Bb2 Be7 9. d4 cxd4 10. Qxd4 Qc7 11. Rfd1 O-O 12. Rac1 Nbd7 13. Ne1 Bxg2 14. Nxg2 Rfd8 15. e4 Rac8 16. Ne3 Qb7 17. f3 b5 18. Kg2 Ne5 19. cxb5 axb5 20. Ne2 h5 21. Rxc8 Rxc8 22. Rc1 Rxc1 23. Nxc1 h4 24. Nd3 Nxd3 25. Qxd3 hxg3 26. hxg3 Nd7 27. Bd4 Ne5 28. Bxe5 dxe5 29. a4 bxa4 30. bxa4 Qb2+ 31. Qc2 Qa3 32. Nc4 Qa1 33. Qb2 Qxa4 34. Nxe5 Bd6 35. Nd3 Qd1 36. Nf2 Qe1 37. Qb6 Bf8 38. Qd4 g6 39. f4 Qc1 40. Qd1 Qc4 41. Qd3 Qc1 42. Ng4 Be7 43. Ne5 Bc5 44. Qd7 Qg1+ 45. Kf3 Qf1+ 46. Kg4 Qe2+ 47. Kg5 Qh5+ 48. Kf6 Qh8+ 49. Kg5 f6+ 50. Kxg6 Bf8 51. Qf7# 1-0


[Site "https://www.chess.com"]

[Event "Titled Tuesday Blitz August 1 Early 2023"]
[White "Dinu, Dumitru-Daniel"]
[Black "Eggleston, Thomas A"]
[WhiteFideId "1208403"]
[BlackFideId "412139"]
[WhiteElo "2464"]
[BlackElo "2385"]
[Result "1-0"]
[Round "10"]
[TimeControl "180+1"]
[Date "2023.08.01"]
[WhiteClock "0:00:08"]
[BlackClock "0:00:00"]
[Board "115"]

1. d4 e6 2. c4 f5 3. Nc3 Nf6 4. Bf4 Bb4 5. e3 O-O 6. Bd3 Bxc3+ 7. bxc3 d6 8. Ne2 Qe7 9. O-O e5 10. Bg5 c5 11. Rb1 h6 12. Bxf6 Rxf6 13. e4 f4 14. f3 Nd7 15. Kh1 Nf8 16. Bc2 g5 17. Nc1 Be6 18. dxe5 dxe5 19. Bb3 Rd8 20. Qe2 b6 21. Nd3 Bc8 22. Rbd1 Ng6 23. Rd2 Rfd6 24. Rfd1 Qd7 25. h3 h5 26. Nxc5 Rxd2 27. Nxd7 Rxe2 28. Nf6+ Kf7 29. Rxd8 Be6 30. Nh7 Ke7 31. Rd1 g4 32. hxg4 hxg4 33. Ng5 Bg8 34. fxg4 Nh4 35. Nf3 Nxg2 36. Nxe5 Ne3 37. Ng6+ Kf6 38. Nxf4 Rf2 39. e5+ Kg7 40. Nh5+ Kh6 41. Re1 Nxg4 42. Nf6 Be6 43. Nxg4+ Bxg4 44. e6 Bf3+ 45. Kg1 Rg2+ 46. Kf1 Rg8 47. e7 Bc6 48. Re6+ Kg5 49. Rxc6 Re8 50. Rc7 Kf4 51. Ba4 Rh8 52. e8=Q Rh1+ 53. Kg2 Rh2+ 54. Kxh2 1-0


[Site "https://www.chess.com"]

[Event "Titled Tuesday Blitz August 1 Early 2023"]
[White "Spichkin, Alexander"]
[Black "Polaczek, Richard"]
[WhiteFideId "4144074"]
[BlackFideId "200026"]
[WhiteElo "2390"]
[BlackElo "2463"]
[Result "0-1"]
[Round "10"]
[TimeControl "180+1"]
[Date "2023.08.01"]
[WhiteClock "0:00:16"]
[BlackClock "0:00:05"]
[Board "116"]

1. f4 d5 2. Nf3 c6 3. e3 Bg4 4. h3 Bxf3 5. Qxf3 Nd7 6. b3 e5 7. Bb2 Qc7 8. Nc3 Bd6 9. O-O-O O-O-O 10. g3 f6 11. Qg4 Ne7 12. e4 d4 13. Ne2 g6 14. d3 h5 15. Qf3 Rhf8 16. h4 Kb8 17. Bh3 Nc5 18. g4 hxg4 19. Bxg4 a5 20. f5 gxf5 21. Bxf5 a4 22. h5 Qa5 23. h6 Na6 24. h7 axb3 25. axb3 Ba3 26. Bxa3 Qxa3+ 27. Kd2 Qb4+ 28. Kc1 Qa3+ 29. Kd2 Qb4+ 30. c3 dxc3+ 31. Ke3 Qc5+ 32. d4 exd4+ 33. Rxd4 Nb4 34. Qf4+ Ka7 35. Ra1+ Kb6 36. Rc1 Nxf5+ 37. exf5 Rfe8+ 38. Kf3 Rxd4 39. Qxd4 Rh8 40. Qxc5+ Kxc5 41. Nxc3 Rxh7 42. Ne4+ Kb6 43. Rd1 Nd5 44. Ng3 Rh2 45. Re1 Rb2 46. Re4 Rxb3+ 47. Kg4 Rb4 48. Rxb4+ Nxb4 49. Ne4 Nd5 50. Nd6 Kc7 51. Nc4 b5 52. Na5 b4 53. Kf3 Kb6 54. Nb3 Kb5 55. Ke4 Kc4 56. Na5+ Kb5 57. Nb3 Ka4 58. Nc5+ Ka3 59. Kd4 b3 60. Kd3 b2 61. Kc2 Ka2 62. Nd3 b1=Q+ 63. Kd2 Qb5 64. Nc1+ Kb1 65. Nd3 Nb4 66. Ne1 Qd5+ 67. Ke2 Nc2 68. Nf3 Qe4+ 69. Kf2 Qe3+ 70. Kg3 Nd4 71. Kg4 Qxf3+ 72. Kh4 Qf4+ 73. Kh5 Qxf5+ 74. Kh6 Qg5+ 75. Kh7 Ne6 76. Kh8 Qg7# 0-1


[Site "https://www.chess.com"]

[Event "Titled Tuesday Blitz August 1 Early 2023"]
[White "Buscar, Michael"]
[Black "Ronka, Erik"]
[WhiteFideId "2603616"]
[BlackFideId "505080"]
[WhiteElo "2383"]
[BlackElo "2462"]
[Result "1-0"]
[Round "10"]
[TimeControl "180+1"]
[Date "2023.08.01"]
[WhiteClock "0:00:15"]
[BlackClock "0:00:01"]
[Board "117"]

1. d4 d5 2. c4 c6 3. g3 Nf6 4. Bg2 Bg4 5. Nf3 e6 6. Nbd2 Nbd7 7. O-O Be7 8. Qb3 Qb6 9. c5 Qa6 10. Re1 b6 11. cxb6 axb6 12. Qc2 Rc8 13. Bf1 Qb7 14. a4 c5 15. dxc5 Bxc5 16. Qd1 O-O 17. Nb3 Bd6 18. Be3 e5 19. Bg5 h6 20. Bxf6 Nxf6 21. Bg2 Bb4 22. Nxe5 Bxe1 23. Nxg4 Nxg4 24. Qxe1 Rfd8 25. Nd4 Nf6 26. b4 Ne4 27. e3 g6 28. a5 bxa5 29. Rxa5 Rb8 30. b5 Rdc8 31. Nc6 Ra8 32. Bxe4 dxe4 33. Qb4 Rxa5 34. Qxa5 Ra8 35. Qb4 Kh7 36. Qxe4 Qxb5 37. Nd4 Qe8 38. Qxe8 Rxe8 39. h4 Kg7 40. Kg2 Ra8 41. Kf3 f5 42. Ne2 Kf6 43. Nf4 Ra5 44. Ne2 g5 45. hxg5+ hxg5 46. g4 Ra4 47. gxf5 g4+ 48. Kg3 Kxf5 49. Nd4+ Kg5 50. Ne6+ Kh5 51. Nf4+ Kg5 52. Ne6+ Kf6 53. Nf4 Kf5 54. Ne2 Ra1 55. Nd4+ Kg5 56. Ne6+ Kf6 57. Nd4 Rg1+ 58. Kf4 Rf1 59. Kg3 Ke5 60. Ne2 Ke4 61. Nf4 Kf5 62. Ne2 Re1 63. Nd4+ Kg5 64. Kg2 Ra1 65. Ne6+ Kh4 66. Nd4 Ra2 67. Nf5+ Kg5 68. Ng3 Rb2 69. Ne4+ Kh4 70. Ng3 Rb4 71. Nf5+ Kg5 72. Ng3 Ra4 73. Nf1 Ra2 74. Ng3 Kf6 75. Ne4+ Ke5 76. Ng3 Kd5 77. Nf1 Kc4 78. Nh2 Kd3 79. Nxg4 Ke4 80. Kg3 Kf5 81. f3 Ra1 82. e4+ Kg5 83. Ne3 Rg1+ 84. Kf2 Ra1 85. Nd5 Ra4 86. Ke3 Ra3+ 87. Kf2 Ra4 88. Kg3 Ra3 89. Nc7 Rb3 90. Ne6+ Kf6 91. Nf4 Ke5 92. Nd5 Ra3 93. Ne7 Kd4 94. Nf5+ Ke5 95. Kg4 Ra8 96. Kg3 Kf6 97. Kf4 Ra4 98. Ne3 Ke6 99. Nd5 Rc4 100. Ne3 Ra4 101. Ng4 Kf7 102. Kf5 Ra3 103. f4 Ra5+ 104. e5 Ke7 105. Nf6 Ra1 106. Ne4 Kf7 107. Nd6+ Ke7 108. Ne4 Rf1 109. Ng5 Rg1 110. Ke4 Re1+ 111. Kf5 Rg1 112. Ne4 Re1 113. Nf6 Rf1 114. Nd5+ Kf7 115. Ne3 Re1 116. Ng4 Rg1 117. e6+ Ke7 118. Ne5 Re1 119. Ng6+ Kd6 120. Nf8 Ke7 121. Ng6+ Kd6 122. e7 Kd7 123. Kf6 Re6+ 124. Kf7 Rxg6 125. Kxg6 Kxe7 126. f5 Kf8 127. Kf6 Ke8 128. Kg7 Kd7 129. f6 1-0


[Site "https://www.chess.com"]

[Event "Titled Tuesday Blitz August 1 Early 2023"]
[White "Harriott, Tyrell"]
[Black "chessmateto"]
[WhiteFideId "2086484"]
[WhiteElo "2425"]
[BlackElo "2459"]
[Result "0-1"]
[Round "10"]
[TimeControl "180+1"]
[Date "2023.08.01"]
[WhiteClock "0:00:04"]
[BlackClock "0:01:08"]
[Board "118"]

1. d4 d5 2. e3 Nf6 3. Bd3 c6 4. f4 g6 5. Nf3 Bg7 6. O-O Bf5 7. Nbd2 Bxd3 8. cxd3 O-O 9. b3 Ng4 10. Qe1 c5 11. Ba3 cxd4 12. Nxd4 Nc6 13. Nxc6 bxc6 14. Rc1 Qa5 15. Bc5 Bc3 16. b4 Bxb4 17. Bxb4 Qxb4 18. Qe2 h5 19. Rxc6 Qa4 20. Rc7 Qxa2 21. h3 Nh6 22. Rxe7 Nf5 23. Re5 Ng3 24. Qf2 Nxf1 25. Kxf1 Rab8 26. g4 Rb2 27. Ke1 Rc8 28. gxh5 Rc1+ 29. Ke2 Rxd2+ 30. Kf3 Rxf2+ 31. Kg4 Rg1+ 32. Kh4 Rxf4+ 0-1


[Site "https://www.chess.com"]

[Event "Titled Tuesday Blitz August 1 Early 2023"]
[White "Yashmetov, Mikhail"]
[Black "Kaminski, Victor"]
[WhiteFideId "24198900"]
[BlackFideId "1131630"]
[WhiteElo "2457"]
[BlackElo "2345"]
[Result "1-0"]
[Round "10"]
[TimeControl "180+1"]
[Date "2023.08.01"]
[WhiteClock "0:00:23"]
[BlackClock "0:00:23"]
[Board "119"]

1. d4 Nf6 2. c4 e6 3. Nc3 Bb4 4. Qc2 b6 5. e4 Bb7 6. Bd3 d5 7. e5 dxc4 8. Qa4+ Nc6 9. exf6 cxd3 10. fxg7 Rg8 11. Nf3 Rxg7 12. Be3 Qd7 13. O-O-O O-O-O 14. Ne5 Nxe5 15. Qxb4 Nc6 16. Qa3 Nxd4 17. Qxa7 Nf5 18. Rhe1 Rxg2 19. Rd2 Nh4 20. Red1 Qc6 21. Rxd3 Rxd3 22. Rxd3 Rg1+ 23. Rd1 Rxd1+ 24. Kxd1 Qd6+ 25. Kc1 Nf3 26. Qa4 Qd3 27. Qe8+ Qd8 28. Qxf7 Ne1 29. Qxe6+ Kb8 30. b3 Nd3+ 31. Kc2 Nb4+ 32. Kb2 Qd3 33. Qg8+ Ka7 34. Qc4 Qc2+ 35. Ka3 c5 36. Nb5+ Ka8 37. Qxc2 Nxc2+ 38. Kb2 Nxe3 39. fxe3 Be4 40. Nd6 Bd5 41. Nc4 Kb7 42. Kc3 Kc6 43. Ne5+ Kd6 44. Nd3 Be4 45. a4 Kc6 46. Nf4 Bf5 47. Ne2 Be4 48. Ng3 Bb1 49. e4 Kd6 50. Kc4 Ke5 51. Kb5 Bc2 52. Kxb6 Bxb3 53. a5 c4 54. a6 c3 55. a7 c2 56. Ne2 Kxe4 57. a8=Q+ Bd5 58. Qa4+ Ke3 59. Qxc2 Be4 60. Qb2 Bd3 61. Nc3 h5 62. Nb5 h4 63. Qh8 h3 64. Qxh3+ Kd2 65. Qg3 Be2 66. h4 Kd1 67. Qg5 Ke1 68. Kc7 Kf2 69. Kd6 Bf3 70. Nc7 Ke2 71. Ne6 Kf2 72. Nf8 Ke2 73. Ke7 Kf2 74. Kf6 Ke2 75. Kg7 Kf2 76. h5 Bxh5 77. Qxh5 Kg3 78. Kg6 Kg2 79. Kf6 Kg3 80. Qg5+ Kh3 81. Ne6 Kh2 82. Nf4 Kh1 83. Kg7 Kh2 84. Kh8 Kh1 85. Kg8 Kh2 86. Kf8 Kh1 87. Ke8 Kh2 88. Kd8 Kh1 89. Kc8 Kh2 90. Kb8 Kh1 91. Ka8 Kh2 92. Ka7 Kh1 93. Ka6 Kh2 94. Ka5 Kh1 95. Ka4 Kh2 96. Ka3 Kh1 97. Ka2 Kh2 98. Ka1 Kh1 99. Qg2# 1-0


[Site "https://www.chess.com"]

[Event "Titled Tuesday Blitz August 1 Early 2023"]
[White "Romero Pallares, Daniel"]
[Black "Antonio, Jorge Carlos"]
[WhiteFideId "32025637"]
[BlackFideId "113190"]
[WhiteElo "2455"]
[BlackElo "2330"]
[Result "1-0"]
[Round "10"]
[TimeControl "180+1"]
[Date "2023.08.01"]
[WhiteClock "0:01:31"]
[BlackClock "0:00:35"]
[Board "120"]

1. d4 d5 2. Bf4 c6 3. e3 g6 4. c4 Bg7 5. Nc3 Nf6 6. Qb3 Qb6 7. c5 Qxb3 8. axb3 O-O 9. h3 b6 10. cxb6 Nbd7 11. bxa7 Bb7 12. Nf3 Ne4 13. Nxe4 dxe4 14. Ne5 Bxe5 15. Bxe5 f6 16. Bg3 c5 17. Bc4+ Kg7 18. Ke2 cxd4 19. exd4 f5 20. Bb5 Nb6 21. Be5+ Kh6 22. Rhc1 f4 23. Rc7 Bd5 24. Rxe7 Bxb3 25. Bg7+ Kh5 26. Bxf8 Rxf8 27. Re8 Rxe8 28. Bxe8 Bc4+ 29. Ke1 Bd5 30. Ra6 Nc8 31. a8=Q Bxa8 32. Rxa8 Nd6 33. Bc6 g5 34. Rd8 Nf7 35. Be8 1-0


[Site "https://www.chess.com"]

[Event "Titled Tuesday Blitz August 1 Early 2023"]
[White "Warchol, Kamil"]
[Black "Khromkin, Andrey"]
[WhiteFideId "21858241"]
[BlackFideId "4154126"]
[WhiteElo "2290"]
[BlackElo "2451"]
[Result "1-0"]
[Round "10"]
[TimeControl "180+1"]
[Date "2023.08.01"]
[WhiteClock "0:00:02"]
[BlackClock "0:00:00"]
[Board "121"]

1. e4 c5 2. Nf3 Nc6 3. Bb5 g6 4. O-O Bg7 5. c3 Nf6 6. Re1 O-O 7. d4 d5 8. e5 Ne4 9. Be3 cxd4 10. cxd4 Qb6 11. Bxc6 Qxc6 12. Qb3 Bf5 13. Nc3 Nxc3 14. Rac1 Qa4 15. Rxc3 Qxb3 16. Rxb3 b6 17. Rc3 Rfc8 18. Rec1 f6 19. exf6 exf6 20. Rc7 Bf8 21. Bf4 g5 22. Bg3 Rxc7 23. Rxc7 Rc8 24. Rxc8 Bxc8 25. Kf1 Kf7 26. Ke2 Ke6 27. Ne1 h5 28. f3 h4 29. Bf2 Bd6 30. h3 Ba6+ 31. Nd3 Bf4 32. Be3 Kf5 33. Bf2 Bb5 34. b3 a5 35. Be1 Ke6 36. Bf2 Bd6 37. Kd2 f5 38. Be3 Kf6 39. Kc3 Kg6 40. Kd2 Kf6 41. Kc3 Kg6 42. Kd2 Kh5 43. a4 Ba6 44. Bf2 g4 45. hxg4+ fxg4 46. fxg4+ Kxg4 47. Ke2 Bf4 48. Bg1 Kg3 49. Bf2+ Kg4 50. Be1 Bg3 51. Bd2 Bd6 52. Ke3 1-0


[Site "https://www.chess.com"]

[Event "Titled Tuesday Blitz August 1 Early 2023"]
[White "Manukian, Artak"]
[Black "Tqebuchava, Zurab"]
[WhiteFideId "13301373"]
[BlackFideId "13601113"]
[WhiteElo "2444"]
[BlackElo "2280"]
[Result "1-0"]
[Round "10"]
[TimeControl "180+1"]
[Date "2023.08.01"]
[WhiteClock "0:00:16"]
[BlackClock "0:00:00"]
[Board "122"]

1. e4 d6 2. d4 g6 3. f4 Bg7 4. c4 c5 5. d5 e6 6. Nc3 exd5 7. cxd5 a6 8. a4 Nf6 9. Nf3 Bg4 10. h3 Bxf3 11. Qxf3 O-O 12. Bd3 Nbd7 13. O-O Qc7 14. Re1 Rfe8 15. Be3 c4 16. Bc2 Nc5 17. Rad1 Rab8 18. Bd4 Nfd7 19. Bxg7 Kxg7 20. g4 b5 21. axb5 axb5 22. Ne2 b4 23. Nd4 Qb6 24. Kg2 c3 25. b3 Ra8 26. Re2 Ra2 27. Rde1 Nb7 28. Qd3 Nbc5 29. Qc4 Qa6 30. Qxb4 Qa5 31. Qxa5 Rxa5 32. b4 Ra4 33. Bxa4 Nxa4 34. Rc2 Ndb6 35. Kf2 Re7 36. Nc6 Re8 37. b5 Nc4 38. e5 dxe5 39. Nxe5 Ncb2 40. Rec1 Rd8 41. Rxc3 Nxc3 42. Rxc3 Rxd5 43. Rb3 Na4 44. b6 Rd8 45. b7 Nc5 46. Rb5 1-0


[Site "https://www.chess.com"]

[Event "Titled Tuesday Blitz August 1 Early 2023"]
[White "Vidruska, Renate"]
[Black "Kazakov, Mikhail"]
[WhiteFideId "11601841"]
[BlackFideId "14102749"]
[WhiteElo "2279"]
[BlackElo "2439"]
[Result "1/2-1/2"]
[Round "10"]
[TimeControl "180+1"]
[Date "2023.08.01"]
[WhiteClock "0:00:47"]
[BlackClock "0:00:09"]
[Board "123"]

1. e4 c5 2. Nf3 e6 3. d4 cxd4 4. Nxd4 Nc6 5. Nc3 d6 6. Be2 Be7 7. O-O Nf6 8. h3 O-O 9. Be3 a6 10. f4 Bd7 11. Bf3 Nxd4 12. Bxd4 Bc6 13. Qe1 Qc7 14. Rd1 Rfe8 15. a4 Nd7 16. Qg3 e5 17. Be3 exf4 18. Bxf4 Ne5 19. Kh1 Bf8 20. b3 g6 21. Rd2 b5 22. axb5 axb5 23. Nd5 Bxd5 24. exd5 Bg7 25. Be4 f5 26. Bd3 b4 27. Re2 Nf7 28. Re6 Ne5 29. Qe3 Qc3 30. Rd1 Red8 31. Re7 Bf6 32. Re6 Bg7 33. Bg5 Rd7 34. Re7 Rxe7 35. Bxe7 Nxd3 36. Qxd3 Qxd3 37. Rxd3 Ra1+ 38. Kh2 Be5+ 39. g3 Ra2 40. Rd2 f4 41. Kg2 fxg3 42. Bh4 Kg7 43. Bxg3 Kf6 44. Bf2 g5 45. Re2 h5 46. Be1 Bc3 47. Bg3 Be5 48. Be1 Bc3 49. Bg3 Be5 50. Be1 1/2-1/2


[Site "https://www.chess.com"]

[Event "Titled Tuesday Blitz August 1 Early 2023"]
[White "Vivas Zamora, Fabian Ernesto"]
[Black "alfianasybullina"]
[WhiteFideId "3902480"]
[WhiteElo "2434"]
[BlackElo "2246"]
[Result "1-0"]
[Round "10"]
[TimeControl "180+1"]
[Date "2023.08.01"]
[WhiteClock "0:00:04"]
[BlackClock "0:00:44"]
[Board "124"]

1. e4 e6 2. d4 d5 3. Nd2 c5 4. Ngf3 cxd4 5. Nxd4 Nc6 6. Bb5 Bd7 7. Nxc6 Bxc6 8. Qe2 Nf6 9. Bxc6+ bxc6 10. O-O Be7 11. b3 O-O 12. Bb2 d4 13. Nc4 c5 14. f4 Qc7 15. Rf3 Qc6 16. Re1 Rfd8 17. Rh3 Qc7 18. e5 Nd5 19. Qe4 g6 20. g4 Qc6 21. f5 Nb4 22. Qxc6 Nxc6 23. f6 Bf8 24. Nd2 Rd5 25. Nf3 Rad8 26. Bc1 d3 27. cxd3 Rxd3 28. Kg2 Nd4 29. Be3 Nc2 30. Bf2 Nxe1+ 31. Bxe1 R8d5 32. Bf2 h6 33. g5 h5 34. Rh4 Rxf3 35. Kxf3 Rxe5 36. Ra4 Rf5+ 37. Ke2 Rxg5 38. Rxa7 Rf5 39. Ra8 g5 40. a4 h4 41. a5 g4 42. a6 g3 43. hxg3 hxg3 44. Bxg3 Rd5 45. a7 Kh7 46. Rxf8 1-0


[Site "https://www.chess.com"]

[Event "Titled Tuesday Blitz August 1 Early 2023"]
[White "Diaz Herquinio, Brahian"]
[Black "Preobrazhenska_D2011"]
[WhiteFideId "3809480"]
[WhiteElo "2432"]
[BlackElo "2159"]
[Result "0-1"]
[Round "10"]
[TimeControl "180+1"]
[Date "2023.08.01"]
[WhiteClock "0:00:00"]
[BlackClock "0:00:11"]
[Board "125"]

1. e4 c5 2. Nf3 d6 3. d4 cxd4 4. Nxd4 Nf6 5. Nc3 a6 6. Bg5 Nbd7 7. f4 Qa5 8. Qe2 h6 9. Bh4 e5 10. Nf5 g6 11. Ne3 exf4 12. Nd5 g5 13. Bf2 Nxd5 14. exd5+ Ne5 15. h4 Bg7 16. hxg5 Bg4 17. Qe4 hxg5 18. Rxh8+ Bxh8 19. Be2 f5 20. Qa4+ Qxa4 21. Nxa4 f3 22. gxf3 Nxf3+ 23. Kf1 b5 24. Nb6 Rb8 25. a4 Bxb2 26. Ra2 Bc3 27. Bxf3 Bxf3 28. axb5 axb5 29. Ra3 b4 30. Ra7 f4 31. Nc4 Rd8 32. Rh7 Bxd5 33. Nb6 Be4 34. Rh5 Bf6 35. Nc4 d5 36. Nd2 Bxc2 37. Bc5 b3 38. Rh6 Kf7 39. Kf2 b2 40. Rxf6+ Kxf6 41. Bd4+ Kf5 42. Bxb2 g4 43. Bd4 g3+ 44. Kf3 Bd1+ 45. Kg2 Kg4 46. Bg1 f3+ 47. Kf1 Be2+ 48. Ke1 Rc8 49. Nxf3 Bxf3 50. Be3 g2 51. Kf2 Rc2+ 52. Kg1 Re2 53. Bd4 Re1+ 0-1


[Site "https://www.chess.com"]

[Event "Titled Tuesday Blitz August 1 Early 2023"]
[White "Gyulamiryan-koryun"]
[Black "AndresDelgado77"]
[WhiteElo "2103"]
[BlackElo "2347"]
[Result "0-1"]
[Round "10"]
[TimeControl "180+1"]
[Date "2023.08.01"]
[WhiteClock "0:00:04"]
[BlackClock "0:00:06"]
[Board "126"]

1. d4 Nf6 2. c4 c6 3. Nf3 d5 4. g3 Bf5 5. Qb3 Qb6 6. cxd5 Qxb3 7. axb3 Nxd5 8. Bg2 Be4 9. Nc3 Nxc3 10. bxc3 Nd7 11. O-O e6 12. Bf4 Nf6 13. c4 a6 14. Nd2 Bxg2 15. Kxg2 O-O-O 16. e3 Nh5 17. Ne4 Nxf4+ 18. gxf4 h6 19. Kf3 f5 20. Nc3 Be7 21. Rg1 Bf6 22. Na4 g5 23. Rab1 Rde8 24. Rgd1 gxf4 25. Kxf4 e5+ 26. Kxf5 Rhf8 27. Kg4 exd4 28. exd4 Re4+ 29. Kf3 Rxd4 30. Kg2 Rg4+ 31. Kh1 Bd4 32. Rd2 b5 33. cxb5 axb5 34. Nb2 Rxf2 35. Rxf2 Bxf2 36. Nd3 Bd4 37. Rf1 Kb7 38. Rf7+ Kb6 39. Rf1 h5 40. h3 Rg3 41. Nf4 h4 42. Ng2 Rxh3# 0-1


[Site "https://www.chess.com"]

[Event "Titled Tuesday Blitz August 1 Early 2023"]
[White "Belov, Alexei"]
[Black "ilya2700"]
[WhiteFideId "4128206"]
[WhiteElo "2583"]
[BlackElo "2087"]
[Result "1-0"]
[Round "10"]
[TimeControl "180+1"]
[Date "2023.08.01"]
[WhiteClock "0:00:24"]
[BlackClock "0:01:06"]
[Board "127"]

1. e4 c5 2. Nf3 e6 3. d4 cxd4 4. Nxd4 Nf6 5. Nc3 Nc6 6. Ndb5 Bb4 7. a3 Bxc3+ 8. Nxc3 d5 9. exd5 exd5 10. Bd3 O-O 11. O-O d4 12. Ne2 Bg4 13. f3 Bh5 14. Nf4 Bg6 15. Nxg6 hxg6 16. f4 Qd6 17. Qf3 Rfe8 18. Bd2 Nd5 19. Rae1 Qc5 20. b4 Qd6 21. f5 Ne5 22. Qg3 Ne3 23. Bxe3 dxe3 24. fxg6 fxg6 25. Rxe3 Qd4 26. Kh1 Ng4 27. Ref3 Ne5 28. Rf4 Qd6 29. Re4 Qd5 30. Rfe1 Nxd3 31. Rxe8+ Rxe8 32. Rxe8+ Kf7 33. Re2 Nb2 34. Qf3+ Qxf3 35. gxf3 Nc4 36. a4 Nb6 37. a5 Nd5 38. Re4 Nc3 39. Rc4 Nb5 40. Rc5 a6 41. c4 Nd6 42. Rc7+ Kf6 43. c5 Nf5 44. Rxb7 g5 45. Rb6+ Kf7 46. Rxa6 g4 47. fxg4 Ne3 48. Rd6 g5 49. a6 Nxg4 50. a7 Ne5 51. a8=Q Kg7 52. Qb7+ Nf7 53. Rd7 1-0


[Site "https://www.chess.com"]

[Event "Titled Tuesday Blitz August 1 Early 2023"]
[White "Romero Arzuaga, Yudel"]
[Black "Hajiyev, Kanan"]
[WhiteFideId "3521010"]
[BlackFideId "13404148"]
[WhiteElo "2356"]
[BlackElo "2539"]
[Result "0-1"]
[Round "10"]
[TimeControl "180+1"]
[Date "2023.08.01"]
[WhiteClock "0:00:22"]
[BlackClock "0:01:26"]
[Board "128"]

1. d4 c6 2. Nf3 d5 3. Bf4 Nf6 4. e3 Bg4 5. c4 e6 6. Qb3 Qb6 7. c5 Qxb3 8. axb3 Nbd7 9. b4 Bxf3 10. gxf3 Be7 11. b5 Nh5 12. bxc6 bxc6 13. Bc7 Bd8 14. Bd6 Be7 15. Bxe7 Kxe7 16. b4 Rhb8 17. Ra4 a5 18. Nd2 axb4 19. Rxa8 Rxa8 20. Bd3 Ra1+ 21. Bb1 e5 22. Ke2 exd4 23. exd4 Nf4+ 24. Ke3 Ng2+ 25. Kd3 g6 26. Kc2 Ra3 27. Kb2 Nf8 28. Bc2 Ne6 29. Nb3 Nh4 30. Bd1 Nf5 31. Re1 Kf6 32. h3 Nfxd4 33. Nxd4 Nxd4 34. Re8 Ra5 35. Rb8 b3 36. Kc3 Ke5 37. f4+ Ke4 38. Kb4 Ra1 0-1


[Site "https://www.chess.com"]

[Event "Titled Tuesday Blitz August 1 Early 2023"]
[White "Van den Dikkenberg, Erik"]
[Black "Ganiev, Roman"]
[WhiteFideId "1005880"]
[BlackFideId "4131452"]
[WhiteElo "2347"]
[BlackElo "2520"]
[Result "0-1"]
[Round "10"]
[TimeControl "180+1"]
[Date "2023.08.01"]
[WhiteClock "0:00:06"]
[BlackClock "0:00:10"]
[Board "129"]

1. e4 c5 2. Nc3 d6 3. f4 Nf6 4. Nf3 g6 5. Bb5+ Bd7 6. Bc4 e6 7. O-O Bg7 8. d3 O-O 9. Qe1 Nc6 10. Qh4 Nd4 11. Nxd4 cxd4 12. Ne2 a5 13. Kh1 b5 14. Bb3 a4 15. Nxd4 axb3 16. Nxb3 Rc8 17. c3 d5 18. f5 dxe4 19. dxe4 exf5 20. exf5 Bxf5 21. Bg5 h6 22. Bxh6 Ng4 23. Bg5 Qd5 24. h3 Rc4 25. Nd4 Ne5 26. Bf6 Bxf6 27. Qxf6 Rxd4 28. cxd4 Nc4 29. Rf3 Re8 30. b3 Nd2 31. Rg3 Ne4 32. Qh4 Nxg3+ 33. Qxg3 Re2 34. Rc1 Be4 35. Rc8+ Kg7 36. Qh4 Bxg2+ 37. Kg1 Qh5 38. Qg3 Qxh3 39. Qd6 Qh1# 0-1


[Site "https://www.chess.com"]

[Event "Titled Tuesday Blitz August 1 Early 2023"]
[White "Lehtosaari, Mauri"]
[Black "Gueci, Tea"]
[WhiteFideId "501999"]
[BlackFideId "872342"]
[WhiteElo "2471"]
[BlackElo "2337"]
[Result "0-1"]
[Round "10"]
[TimeControl "180+1"]
[Date "2023.08.01"]
[WhiteClock "0:00:00"]
[BlackClock "0:00:08"]
[Board "131"]

1. d4 g6 2. Nf3 Bg7 3. Bg5 d6 4. c3 Nd7 5. e3 h6 6. Bh4 Ngf6 7. Bc4 c6 8. a4 O-O 9. O-O Qc7 10. Nbd2 e5 11. dxe5 dxe5 12. Qc2 Kh7 13. Rfd1 Nb6 14. Ba2 Bf5 15. e4 Bg4 16. h3 Bxf3 17. Nxf3 c5 18. a5 Nbd7 19. Bc4 Kg8 20. a6 Nb6 21. Bb5 Nh5 22. Rd2 bxa6 23. Bxa6 g5 24. Bg3 Nxg3 25. fxg3 Rad8 26. Rad1 Bf6 27. Nh2 h5 28. Nf1 c4 29. Kh2 g4 30. h4 Bg7 31. Ne3 Bh6 32. Rxd8 Rxd8 33. Nf5 Bg7 34. Rd2 Bf6 35. Qd1 Kf8 36. Bb5 Nc8 37. Ba4 Nb6 38. Bc2 Nc8 39. Qe2 Ne7 40. Ne3 Ng6 41. Nd5 Qb6 42. Qd1 Rc8 43. Qa1 Kg7 44. Rf2 Bxh4 45. gxh4 Qxf2 46. Qa6 g3+ 47. Kh3 Nf4+ 48. Nxf4 Qxf4 49. Bd1 Rd8 50. Bxh5 Rd2 51. Qc8 Qf6 52. Qg4+ Kf8 53. Qf5 Qg7 54. Bg4 Rd8 55. h5 Qh6 56. Bf3 f6 57. Kxg3 Qg5+ 58. Qxg5 fxg5 59. Kg4 Rd2 60. Kxg5 Kg7 61. Kf5 Rxb2 62. g4 Rc2 63. g5 Rxc3 64. h6+ Kh8 65. g6 Rxf3+ 66. Kxe5 Rg3 67. Kf6 c3 68. Kf7 c2 69. g7+ Kh7 70. e5 c1=Q 71. e6 Qc7+ 0-1


[Site "https://www.chess.com"]

[Event "Titled Tuesday Blitz August 1 Early 2023"]
[White "Carrasco Miranda, Andres"]
[Black "Miguelitro69"]
[WhiteFideId "3405990"]
[WhiteElo "2440"]
[BlackElo "2322"]
[Result "1-0"]
[Round "10"]
[TimeControl "180+1"]
[Date "2023.08.01"]
[WhiteClock "0:00:49"]
[BlackClock "0:00:11"]
[Board "132"]

1. d4 d5 2. c4 e6 3. Nf3 Nf6 4. g3 g6 5. Bg2 Bg7 6. O-O O-O 7. Qc2 c6 8. Nbd2 Nbd7 9. Rd1 b6 10. e4 dxe4 11. Nxe4 Nxe4 12. Qxe4 Bb7 13. Qc2 Qe7 14. Bg5 f6 15. Be3 e5 16. dxe5 fxe5 17. Nd2 Rad8 18. a4 Nf6 19. Ne4 Nxe4 20. Qxe4 Rf7 21. a5 Rxd1+ 22. Rxd1 bxa5 23. Bxa7 c5 24. Qxb7 Qxb7 25. Rd8+ Bf8 26. Bxb7 Rxb7 27. Bxc5 Rf7 28. Kf1 Kg7 29. Bxf8+ Rxf8 30. Rxf8 Kxf8 31. Ke2 Ke7 32. Kd3 Kd6 33. Kc3 Kc5 34. b3 g5 35. f3 h5 36. h3 h4 37. g4 Kc6 38. b4 a4 39. Kb2 e4 40. fxe4 1-0


[Site "https://www.chess.com"]